 Dungeon Crawl Stone Soup version 0.24.0-41-g2ae2f7f1be (webtiles) character file.

Game seed: 10862755731268661479, levelgen mode: deterministic

18298 DildoBatman the Geomancer (level 12, -7/88 HPs)
             Began as a Formicid Wizard on Dec 15, 2019.
             Was a High Priest of Kikubaaqudgha.
             Killed from afar by Frances (37 damage)
             ... with a shard of ice
             ... on level 12 of the Dungeon.
             The game lasted 00:54:43 (12480 turns).

DildoBatman the Geomancer (Formicid Wizard)        Turns: 12480, Time: 00:54:43

Health: -7/88      AC: 10    Str: 11    XL:     12   Next: 93%
Magic:  8/22       EV: 13    Int: 24    God:    Kikubaaqudgha [*****.]
Gold:   741        SH:  0    Dex:  9    Spells: 3/25 levels left

rFire    . . .     SeeInvis +   b - +3 hand axe (venom)
rCold    . . .     Gourm    .   (no shield)
rNeg     . . .     Faith    .   o - +0 troll leather armour
rPois    .         Spirit   .   (helmet unavailable)
rElec    .         Reflect  .   P - +0 cloak
rCorr    .         Harm     .   (no gloves)
MR       +....                  g - +0 pair of boots
Stlth    ++........             (no amulet)
HPRegen  0.64/turn              L - +3 ring of slaying
MPRegen  0.18/turn              J - +3 ring of protection

@: no status effects
A: permanent stasis, dig shafts and tunnels, four strong arms, antennae 3
a: Dig, Shaft Self, Receive Corpses, Torment, Renounce Religion


You were on level 12 of the Dungeon.
You worshipped Kikubaaqudgha.
Kikubaaqudgha was extremely pleased with you.
You were not hungry.

You visited 3 branches of the dungeon, and saw 14 of its levels.

You collected 741 gold pieces.

Inventory:

Hand Weapons
 a - a +3 hunting sling
 b - a +3 hand axe of venom (weapon)
 t - a +2 flail of protection
 F - a +2 longbow of flaming
 M - a +1 falchion of electrocution
Missiles
 c - 11 curare-tipped darts
 h - 189 stones
 j - 79 bolts
 n - 211 arrows
 p - 37 poisoned darts
 w - 141 sling bullets
 B - 3 throwing nets (quivered)
Armour
 g - a +0 pair of boots (worn)
 o - a +0 troll leather armour (worn)
 I - a +0 large shield
 P - a +0 cloak (worn)
Jewellery
 f - a +2 ring of evasion
 J - a +3 ring of protection (right hand)
 L - a +3 ring of slaying (left hand)
 N - an uncursed ring of magical power
Wands
 k - a wand of disintegration (38)
 s - a wand of acid (6)
 C - a wand of flame (2)
 Q - a wand of scattershot (5)
 U - a wand of polymorph (11)
Scrolls
 d - 4 scrolls of fog {unknown}
 i - a scroll of brand weapon {unknown}
 q - 4 scrolls of identify {unknown}
 r - 2 scrolls of remove curse {unknown}
 u - 3 scrolls of amnesia {unknown}
 x - a scroll of fear {unknown}
 y - a scroll of blinking {unknown}
 K - a scroll of magic mapping {unknown}
 O - 2 scrolls of enchant weapon {unknown}
 R - a scroll of enchant armour {unknown}
 T - a scroll of immolation {unknown}
Potions
 e - 3 potions of ambrosia {unknown}
 l - a potion of flight {unknown}
 m - 4 potions of curing {unknown}
 z - 2 potions of might
 A - a potion of resistance {unknown}
 D - a potion of cancellation {unknown}
 G - 2 potions of lignification {unknown}
 H - 4 potions of berserk rage {unknown}
Miscellaneous
 E - a sack of spiders
 S - a phial of floods (inert)
Comestibles
 v - 21 rations


   Skills:
 * Level 6.0 Fighting
 * Level 6.0 Armour
 * Level 5.5 Dodging
 - Level 2.4 Stealth
 - Level 7.3 Spellcasting
 - Level 6.0 Conjurations
   Level 1.0 Summonings
 - Level 10.0 Necromancy
   Level 0.8 Translocations
 - Level 5.0 Fire Magic
 - Level 5.0 Air Magic
 - Level 10.0 Earth Magic


You had 3 spell levels left.
You knew the following spells:

 Your Spells              Type           Power        Failure   Level  Hunger
a - Conjure Flame         Conj/Fire      #####...     2%          3    None
b - Borgnjor's Vile Clut  Necr/Erth      ######....   4%          5    #####..
c - Magic Dart            Conj           ####         1%          1    None
d - Vampiric Draining     Necr           ######....   1%          3    None
e - Mephitic Cloud        Conj/Pois/Air  ####....     6%          3    None
h - Dispel Undead         Necr           ######..     4%          5    #####..
z - Sublimation of Blood  Necr           ######....   1%          2    None

Your spell library contained the following spells:

 Spells                   Type           Power        Failure   Level  Hunger
 Animate Skeleton         Necr           N/A          1%          1    None
 Pain                     Necr           ####         1%          1    None
 Sting                    Conj/Pois      ###.         2%          1    None
 Poisonous Vapours        Pois/Air       ###...       4%          2    None
 Apportation              Tloc           ##....       6%          1    None
 Summon Small Mammal      Summ           ##..         6%          1    None
 Confusing Touch          Hex            #.....       9%          1    None
 Call Imp                 Summ           ##......     9%          2    None
 Slow                     Hex            #.......     14%         2    None
 Agony                    Necr           ######..     4%          5    #####..
 Excruciating Wounds      Chrm/Necr      ####......   30%         5    #####..
 Venom Bolt               Conj/Pois      ###.......   56%         5    #####..
 Olgreb's Toxic Radiance  Pois           #.......     65%         4    ###....
 Simulacrum               Ice/Necr       ####......   86%         6    ######.
 Blink                    Tloc           Unusable     N/A         2    N/A

Dungeon Overview and Level Annotations

Branches:
Dungeon (12/15)            Temple (1/1) D:5            Lair (0/6) D:9
    Orc (1/2) D:11

Altars:
Ashenzari
Cheibriados
Dithmenos
Elyvilon
Fedhas
Gozag
Hepliaklqana
Kikubaaqudgha
Makhleb
Nemelex Xobeh
Okawaru
Qazlal
Ru
Sif Muna
Trog
Uskayaw
Vehumet
Wu Jian
Xom
Yredelemnul
Zin
The Shining One

Shops:
D:8 [[:=%   D:9 (   D:12 (

Annotations:
D:5 exclusion: profane servitor
D:12 Frances


Innate Abilities, Weirdness & Mutations

You cannot be hasted, slowed, berserked, paralysed or teleported.
You can dig through walls and to a lower floor.
Your four strong arms can wield two-handed weapons with a shield.
You have a pair of large antennae on your head. (SInv)


Message History

You hit Frances.
Frances looks as sick as possible!
Frances is severely wounded.
The zombie hands constrict Frances.
Frances hits you with a +5 glaive of protection.
You hit Frances.
Frances looks as sick as possible!
Frances is severely wounded.
The zombie hands constrict Frances!
Frances barely misses you.
Frances hits you with a +5 glaive of protection!!
You hit Frances but do no damage.
Frances looks as sick as possible!
Frances is almost dead.
The zombie hands constrict Frances!
The zombie hands release their grip on Frances.
Frances chants phrases taken from a devil's mouth.
The shard of ice hits you!!!
You die...
Kikubaaqudgha rasps: "You have failed me!
Welcome... death!"

#######.# ##.# #.#
##.## #.# ##...#
#.# ###....# #.#
#......# #.#
#.#..#.# #.#
#.#..#.# #.#
#.#..#.# #@#
#.#.)#.# #@#
#.##.#.#
##.###.##.#.#
#.......#.#.#######
##.###.............
##......#....#####
#.##.....##.#
#.##..#.###.#
#.##..{.# #.#


You could see Frances.

Vanquished Creatures
  An orc warlord (D:11)
  Nessos (D:12)
  Harold (D:7)
  A death knight (D:12)
  3 two-headed ogres
  Sonja (D:11)
  3 ugly things
  A cyclops (D:12)
  A centaur zombie (D:12)
  2 gargoyles (D:12)
  2 freezing wraiths
  2 trolls (D:9)
  5 hippogriffs
  A shadow (D:12)
  4 yaks (D:10)
  2 wraiths (D:12)
  4 hogs (D:8)
  A human (D:8)
  A hungry ghost (D:8)
  Menkaure (D:5)
  An acid dragon (D:11)
  A black bear (D:8)
  5 orc warriors
  An ice beast (D:6)
  3 sky beasts
  5 ogres
  A phantom (D:9)
  5 centaurs
  A crocodile (D:10)
  A big kobold (D:10)
  9 bullfrogs
  A wyvern zombie (D:7)
  2 scorpions (D:7)
  A wyvern skeleton (D:4)
  8 killer bees
  3 wights (D:11)
  2 howler monkeys
  A bullfrog zombie (D:12)
  4 crimson imps
  A jelly (D:7)
  2 bullfrog skeletons
  10 orc priests
  4 hounds
  14 orc wizards
  Crazy Yiuf (D:5)
  Ijyb (D:5)
  2 iguanas
  Natasha (thrice) (D:1)
  3 worker ants
  2 hound skeletons
  3 worker ant zombies
  Robin (D:1)
  A gnoll (D:1)
  21 adders
  2 shadow imps
  An ooze (D:2)
  An adder skeleton (D:5)
  2 adder zombies
  4 worms
  10 leopard geckos
  77 orcs
  3 ball pythons
  3 giant cockroaches
  12 goblins
  6 hobgoblins
  A jackal (D:9)
  4 quokkas
  2 bats (D:3)
  6 frilled lizards
  2 jackal skeletons
  14 kobolds
  A quokka skeleton (D:5)
  6 rats
319 creatures vanquished.

Vanquished Creatures (collateral kills)
  Jorgrun (D:12)
1 creature vanquished.

Vanquished Creatures (others)
  A goblin (D:2)
  A quokka (D:2)
2 creatures vanquished.

Grand Total: 322 creatures vanquished

Notes
Turn   | Place    | Note
-------+----------+-------------------------------------------
     0 | D:1      | DildoBatman the Formicid Wizard began the quest for the
                  | Orb.
     0 | D:1      | Reached XP level 1. HP: 13/13 MP: 4/4
    26 | D:1      | Reached skill level 1 in Conjurations
   412 | D:1      | Reached XP level 2. HP: 19/19 MP: 3/6
   635 | D:2      | Found a white marble altar of Elyvilon.
   670 | D:2      | Noticed Natasha
   721 | D:1      | Reached XP level 3. HP: 12/24 MP: 0/7
   726 | D:1      | Learned a level 3 spell: Conjure Flame
   730 | D:1      | Learned a level 3 spell: Mephitic Cloud
  1101 | D:2      | Noticed Robin
  1179 | D:2      | Reached XP level 4. HP: 21/30 MP: 2/8
  1321 | D:2      | Found a hide-covered altar of Uskayaw.
  1924 | D:3      | Reached XP level 5. HP: 23/35 MP: 4/9
  2221 | D:3      | Found a faded altar of an unknown god.
  2387 | D:3      | Noticed a centaur
  2406 | D:3      | Killed a centaur
  2406 | D:3      | Reached skill level 5 in Conjurations
  2406 | D:3      | Reached XP level 6. HP: 13/41 MP: 7/10
  2795 | D:4      | Found a hazy altar of Hepliaklqana.
  3113 | D:4      | Reached XP level 7. HP: 46/46 MP: 4/11
  3215 | D:4      | Reached skill level 1 in Fire Magic
  3215 | D:4      | Reached skill level 1 in Air Magic
  3638 | D:5      | Entered Level 5 of the Dungeon
  3712 | D:5      | Found a staircase to the Ecumenical Temple.
  3720 | Temple   | Entered the Ecumenical Temple
  3727 | Temple   | Became a worshipper of Kikubaaqudgha
  3886 | D:5      | Noticed Menkaure
  4009 | D:5      | Found a runed translucent door.
  4010 | D:5      | Noticed Crazy Yiuf
  4032 | D:5      | Found a bloodstained altar of Trog.
  4099 | D:5      | Reached XP level 8. HP: 22/52 MP: 3/12
  4123 | D:5      | Found a basalt altar of Yredelemnul.
  4127 | D:5      | Noticed a profane servitor
  4132 | D:5      | Found a glowing golden altar of the Shining One.
  4135 | D:5      | Noticed an angel
  4148 | D:5      | Found a sparkling altar of Nemelex Xobeh.
  4148 | D:5      | Found a snail-covered altar of Cheibriados.
  4179 | D:5      | Killed Menkaure
  4288 | D:5      | Noticed Ijyb
  4311 | D:5      | Killed Ijyb
  4602 | D:5      | Killed Crazy Yiuf
  4940 | D:1      | Killed Natasha
  4963 | D:1      | Noticed Natasha
  4974 | D:1      | Killed Natasha
  4987 | D:1      | Noticed Natasha
  4993 | D:1      | Killed Natasha
  5072 | D:1      | Killed Robin
  5358 | D:6      | Reached skill level 5 in Fire Magic
  5422 | D:6      | Reached * piety under Kikubaaqudgha
  5422 | D:6      | Identified Kikubaaqudgha's Volume of Unholy Secrets
                  | (Kikubaaqudgha gifted it to you on level 6 of the Dungeon)
  5422 | D:6      | Received a gift from Kikubaaqudgha
  5437 | D:6      | Learned a level 2 spell: Sublimation of Blood
  5441 | D:6      | Learned a level 3 spell: Vampiric Draining
  5606 | D:6      | Reached XP level 9. HP: 47/57 MP: 6/13
  5666 | D:6      | Reached skill level 1 in Necromancy
  5666 | D:6      | Reached skill level 5 in Air Magic
  5987 | D:6      | Found a sacrificial altar of Ru.
  6247 | D:7      | Reached skill level 5 in Necromancy
  6262 | D:7      | Noticed a hippogriff
  6292 | D:7      | Killed a hippogriff
  6439 | D:7      | Found a glowing silver altar of Zin.
  6627 | D:7      | Reached ** piety under Kikubaaqudgha
  6755 | D:7      | Noticed Harold
  6841 | D:7      | Killed Harold
  6841 | D:7      | Reached XP level 10. HP: 43/63 MP: 2/14
  6938 | D:7      | Found a stormy altar of Qazlal.
  7045 | D:8      | Found Jeotij's Armour Shop.
  7167 | D:8      | Noticed a two-headed ogre
  7193 | D:8      | Killed a two-headed ogre
  7193 | D:8      | Reached skill level 5 in Spellcasting
  7264 | D:8      | Found Tiusax's Armour Emporium.
  7634 | D:8      | Found Korrub's Book Emporium.
  7702 | D:8      | Found Tehuk's Jewellery Shop.
  7742 | D:8      | Reached skill level 1 in Fighting
  7742 | D:8      | Reached skill level 1 in Armour
  7910 | D:8      | Noticed a two-headed ogre
  7929 | D:8      | Killed a two-headed ogre
  7929 | D:8      | Reached *** piety under Kikubaaqudgha
  7929 | D:8      | Identified Kikubaaqudgha's Reference Book on Unholy Arts
                  | (Kikubaaqudgha gifted it to you on level 8 of the Dungeon)
  7929 | D:8      | Received a gift from Kikubaaqudgha
  7929 | D:8      | Reached XP level 11. HP: 70/73 MP: 8/21
  7948 | D:8      | Learned a level 5 spell: Dispel Undead
  7954 | D:8      | Learned a level 5 spell: Borgnjor's Vile Clutch
  7976 | D:8      | Reached skill level 1 in Earth Magic
  8005 | D:8      | Found Waoji's Food Shop.
  8892 | D:9      | Reached skill level 5 in Earth Magic
  9139 | D:9      | Found Yluescho's Antique Weapon Boutique.
  9306 | D:9      | Found a staircase to the Lair.
  9727 | D:10     | Entered Level 10 of the Dungeon
  9802 | D:10     | Noticed a two-headed ogre
  9810 | D:10     | Killed a two-headed ogre
  9986 | D:10     | Reached **** piety under Kikubaaqudgha
 10577 | D:11     | Noticed Sonja
 10822 | D:11     | Killed Sonja
 10937 | D:11     | Found a staircase to the Orcish Mines.
 10991 | D:11     | Reached ***** piety under Kikubaaqudgha
 11133 | D:11     | Noticed a red ugly thing
 11144 | D:11     | Killed a red ugly thing
 11440 | Orc:1    | Entered Level 1 of the Orcish Mines
 11440 | Orc:1    | Noticed an orc warlord
 11472 | D:11     | Killed an orc warlord
 11472 | D:11     | Reached XP level 12. HP: 38/81 MP: 1/22
 11520 | D:12     | Noticed a death knight
 11667 | D:12     | Noticed Frances
 11690 | D:12     | Reached skill level 10 in Earth Magic
 11943 | D:12     | Killed a death knight
 12154 | D:12     | Reached skill level 5 in Fighting
 12154 | D:12     | Reached skill level 5 in Armour
 12154 | D:12     | Reached skill level 10 in Necromancy
 12224 | D:12     | Noticed Jorgrun
 12241 | D:12     | Killed Jorgrun
 12241 | D:12     | Reached skill level 5 in Dodging
 12263 | D:12     | Noticed Nessos
 12285 | D:12     | Killed Nessos
 12410 | D:12     | Found Dieg's Antique Weapon Shoppe.
 12480 | D:12     | Killed from afar by Frances

Levels and vault maps discovered:
D:1:      psy_arrival_spokes, layout_basic, minmay_misc_feat_nine_boxes
D:2:      layout_loops_cross, nicolae_overflow_crystal_walls, elyvilon_altar_4,
          first_ration, uniq_natasha, uniq_robin
D:3:      layout_rooms, chequers_ecumenical_altar_simple_redux,
          hangedman_decor_points
D:4:      layout_basic, nicolae_overflow_hidden_temple, skrybe_limestone_x,
          chequers_serial_rivers_marsh, chequers_jeans, minivault_25
D:5:      layout_rooms, grunt_temple_overflow_holy_war,
          overflow_temple_1_default, chequers_temple_overflow_statue_of_worship,
          minmay_temple_entry_junction, uniq_ijyb, uniq_menkaure,
          uniq_crazy_yiuf_cottage
D:6:      layout_rooms, nicolae_ru_the_path_less_chosen
D:7:      layout_cave_pools, lemuel_round_altar, basic_altar, uniq_harold
D:8:      layout_loops_corners, serial_shops, shop, kennysheep_mini_moat,
          nicolae_shop_behind_doors, shop, shop, grunt_livestock
D:9:      layout_cave_pods, lair_entry_dummy, serial_shops, kennysheep_mini,
          minmay_quadrilaterals
D:10:     layout_stronghold
D:11:     layout_loops_ring, hiddenorc2_lemuel, uniq_sonja
D:12:     layout_loops_ring, serial_shops, shop, uniq_jorgrun, uniq_frances,
          uniq_nessos
Temple:   nicolae_temple_no_exploring_needed
Orc:1:    layout_caves, serial_shops, shop, minmay_orc_temple_b

Skill      XL: |  1  2  3  4  5  6  7  8  9 10 11 12 |
---------------+-------------------------------------+-----
Conjurations   | 1 2 3 4 5 6 |  6.0
Fire Magic     | 3 5 |  5.0
Air Magic      | 2 4 5 |  5.0
Necromancy     | 8 9 10 | 10.0
Spellcasting   | 7 |  7.3
Dodging        | 2 3 5 |  5.5
Fighting       | 2 3 6 |  6.0
Armour         | 2 3 6 |  6.0
Earth Magic    | 9 10 | 10.0
Stealth        | |  2.4
Summonings     | |  1.0
Translocations | |  0.8

Action                   |  1- 3 |  4- 6 |  7- 9 | 10-12 || total
-------------------------+-------+-------+-------+-------++-------
Melee: Dagger            |     7 |     1 |    25 |       ||    33
       Short sword       |    17 |    24 |    16 |       ||    57
       Hand axe          |       |       |       |   122 ||   122
 Fire: Hunting sling     |     5 |   126 |   380 |   348 ||   859
Throw: Dart              |     3 |       |    16 |     8 ||    27
       Throwing net      |       |       |     1 |       ||     1
 Cast: Magic Dart        |    51 |    40 |    35 |    34 ||   160
       Mephitic Cloud    |     2 |     3 |    46 |    51 ||   102
       Conjure Flame     |       |     4 |    29 |    54 ||    87
       Sublimation of Bl |       |       |       |    17 ||    17
       Borgnjor's Vile C |       |       |       |    25 ||    25
       Dispel Undead     |       |       |       |    13 ||    13
       Vampiric Draining |       |       |       |     2 ||     2
 Abil: Dig               |     1 |     2 |     6 |    12 ||    21
Evoke: Wand              |       |       |     1 |       ||     1
       Phial of floods   |       |       |       |     1 ||     1
       Sack of spiders   |       |       |       |     1 ||     1
  Use: Potion            |       |       |     3 |     4 ||     7
       Scroll            |       |       |       |     1 ||     1
 Stab: Sleeping          |       |     1 |       |     1 ||     2
       Confused          |       |     4 |     2 |     5 ||    11
  Eat: Chunk             |     1 |     5 |    17 |    22 ||    45
       Ration            |       |       |     1 |     2 ||     3
Armor: Robe              |     3 |     9 |     4 |       ||    16
       Animal skin       |       |       |    20 |    13 ||    33
       Troll leather arm |       |       |       |    69 ||    69
Dodge: Dodged            |    29 |    38 |    98 |   139 ||   304
